 Dungeon Crawl Stone Soup version 0.31-a0-210-gccc998df9b (webtiles) character file.

Game seed: 12761034044400916293

101 qw the Shooter (level 4, -2/36 HPs)
             Began as a Minotaur Hexslinger on June 30, 2023.
             Killed from afar by Natasha (3 damage)
             ... with a magic dart
             ... on level 2 of the Dungeon.
             The game lasted 00:00:33 (1091 turns).

qw the Shooter (Minotaur Hexslinger)                Turns: 1091, Time: 00:00:33

Health: -2/36      AC:  5    Str: 12    XL:     4   Next: 48%
Magic:  4/4        EV: 11    Int: 10    God:
Gold:   75         SH:  0    Dex: 15    Spells: 4/5 levels left

rFire   . . .        Y - +0 sling (flame)
rCold   . . .        (no shield)
rNeg    . . .        d - +0 ring mail
rPois   .            (helmet restricted)
rElec   .            (no cloak)
rCorr   .            (no gloves)
SInv    .            (no boots)
Will    .....        (no amulet)
Stlth   +            (no ring)
HPRegen 0.26/turn    (no ring)
MPRegen 0.09/turn

%: no passive effects
@: no status effects
A: horns 2, retaliatory headbutt
a: no special abilities


You were on level 2 of the Dungeon.
You visited 1 branch of the dungeon, and saw 2 of its levels.

You collected 75 gold pieces.


Innate Abilities, Weirdness & Mutations

You have a pair of horns on your head.
You reflexively headbutt those who attack you in melee.


   Skills:
 - Level 2.0 Fighting
 + Level 4.9 Ranged Weapons
 - Level 1.0 Armour
 - Level 2.1 Dodging
 - Level 1.0 Spellcasting
 - Level 2.0 Hexes


You had 4 spell levels left.
You knew the following spells:

 Your Spells              Type           Power      Damage    Failure   Level
a - Slow                  Hex            16%        N/A       34%         1

Your spell library contained the following spells:

 Spells                   Type           Power      Damage    Failure   Level
 Inner Flame              Hex/Fire       2%         N/A       83%         3
 Portal Projectile        Hex/Tloc       4%         N/A       83%         3
 Cause Fear               Hex            2%         N/A       98%         4

Inventory:

Hand Weapons
 Y - a +0 sling of flaming (weapon)
Armour
 d - a +0 ring mail (worn)
Scrolls
 e - a scroll of identify

Dungeon Overview and Level Annotations

Branches:
Dungeon (2/15)

Altars:

Annotations:
D:2 Natasha


Message History

The cerulean imp barely misses you. You furiously retaliate!
You headbutt the cerulean imp. You shoot a sling bullet.
The sling bullet hits the cerulean imp but does no damage.
The cerulean imp is heavily wounded.
The cerulean imp closely misses you.
You shoot a sling bullet.
The sling bullet barely misses the cerulean imp.
The cerulean imp hits you but does no damage.
The cerulean imp barely misses you.
You shoot a sling bullet.
The sling bullet misses the cerulean imp.
The cerulean imp barely misses you.
You shoot a sling bullet. The sling bullet hits the cerulean imp.
The sling bullet burns the cerulean imp.
The cerulean imp is almost dead.
The cerulean imp hits you with a +1 spear.
You shoot a sling bullet. The sling bullet hits the cerulean imp.
The sling bullet burns the cerulean imp.
You kill the cerulean imp!
The cerulean imp disappears in a puff of smoke!
You shoot a sling bullet.
The sling bullet closely misses Natasha.
The cerulean imp disappears in a puff of smoke!
Natasha stares at you and mumbles some strange words.
The magic dart hits you!
The cerulean imp hits you but does no damage.
You shoot a sling bullet. The sling bullet hits Natasha.
The sling bullet burns Natasha.
Natasha is lightly wounded.
Natasha stares at you and mumbles some strange words.
The magic dart hits you!
The cerulean imp hits you from afar with a +1 spear.
Natasha closely misses you.
You shoot a sling bullet.
The sling bullet closely misses Natasha.
The cerulean imp hits you from afar with a +1 spear.
Natasha stares at you and mumbles some strange words.
The magic dart hits you.
You die...

..... .#.###...### #
.h...?.....#.###
#h.#...... #......#
#.###### #.# #.#
########## #####
#.######@.<.....#
#....
#.....5h..#####.#
#.### #..#)###..###
#.# #.#
#####..#.#......###.#
#.# #
....................#
#.# #
###...#%....##.#####
#.###
#.....######...#
#.... ##...## #.#.#
#.... ##.## #...#
#####


You could see Natasha and a cerulean imp (summoned).

Vanquished Creatures
  Natasha (D:2)
  Robin (D:2)
  2 adders (D:2)
  A worm (D:2)
  2 ball pythons (D:1)
  3 endoplasms
  10 goblins
  7 hobgoblins
  3 jackals (D:1)
  4 kobolds
  4 bats
  A frilled lizard (D:2)
  2 rats (D:1)
41 creatures vanquished.

Notes
Turn   | Place    | Note
-------+----------+-------------------------------------------
     0 | D:1      | qw the Minotaur Hexslinger began the quest for the Orb.
     0 | D:1      | Reached XP level 1. HP: 16/16 MP: 1/1
     0 | D:1      | 0 ||| qw: Version: 0.3-a-26-gee661ec
     0 | D:1      | 0 ||| qw: Game counter: 7184
     0 | D:1      | 0 ||| qw: Melee chars always use a shield: true
     0 | D:1      | 0 ||| qw: God list: Okawaru
     0 | D:1      | 0 ||| qw: Allow faded altars: false
     0 | D:1      | 0 ||| qw: Do Orc after clearing Dungeon:15 true
     0 | D:1      | 0 ||| qw: Do second Lair branch before Depths: true
     0 | D:1      | 0 ||| qw: Lair rune preference: random
     0 | D:1      | 0 ||| qw: Goals: Normal
     0 | D:1      | 0 ||| PLANNING D:1-11
   126 | D:1      | 126 ||| UPGRADING to +0 ring mail.
   156 | D:1      | 156 ||| DROPPING +0 robe.
   160 | D:1      | 160 ||| DROPPING scroll of poison.
   165 | D:1      | Reached skill level 3 in Ranged Weapons
   166 | D:1      | Reached XP level 2. HP: 23/23 MP: 2/2
   392 | D:1      | 392 ||| SWAPPING to +0 sling of flaming.
   393 | D:1      | 393 ||| DROPPING +1 sling.
   728 | D:1      | 728 ||| READING 2 scrolls labelled SIOKLAGROE.
   729 | D:1      | 729 ||| READING scroll labelled EGENIUC YQUR.
   730 | D:1      | 730 ||| READING scroll labelled XIZXEA VESAWAT.
   802 | D:2      | Reached XP level 3. HP: 27/29 MP: 3/3
   890 | D:2      | Reached skill level 4 in Ranged Weapons
   938 | D:2      | Noticed Robin
   946 | D:2      | Reached skill level 1 in Armour
   947 | D:2      | Killed Robin
   950 | D:2      | Reached XP level 4. HP: 36/36 MP: 4/4
  1010 | D:2      | Noticed Natasha
  1015 | D:2      | Killed Natasha
  1057 | D:2      | Noticed Natasha
  1059 | D:2      | 1059 ||| FLEEEEING.
  1063 | D:2      | 1063 ||| FLEEEEING.
  1064 | D:2      | 1064 ||| FLEEEEING.
  1065 | D:2      | 1065 ||| FLEEEEING.
  1069 | D:2      | 1069 ||| FLEEEEING.
  1070 | D:2      | 1070 ||| FLEEEEING.
  1090 | D:2      | HP: 6/36 [cerulean imp/+1 spear[Natasha] (4)]
  1091 | D:2      | HP: 1/36 [cerulean imp/+1 spear[Natasha] (5)]
  1091 | D:2      | Killed from afar by Natasha

Levels and vault maps discovered:
D:1:      sevenhm_arrival_forest_fort_small_3, layout_basic, nicolae_the_louvre
D:2:      layout_loops_corners, minmay_3d_cube, uniq_robin, uniq_natasha

Skill      XL: |  1  2  3 |
---------------+----------+-----
Ranged Weapons | 3 4 |  4.9
Fighting       | 2 |  2.0
Armour         | 1 |  1.0
Dodging        | |  2.1
Spellcasting   | |  1.0
Hexes          | |  2.0

Action                     |  1- 3 |  4- 6 || total
---------------------------+-------+-------++-------
   Fire: Sling             |    98 |    41 ||   139
    Use: Scroll            |     3 |       ||     3
 Armour: Robe              |     1 |       ||     1
         Ring mail         |    10 |     7 ||    17
         Skin              |     4 |     4 ||     8
  Dodge: Dodged            |    28 |    13 ||    41

Table legend:
 A = Non-vault XP
 B = Vault XP
 C = Vault XP percentage of total XP
 D = Non-vault monster count
 E = Vault monster count
 F = Vault count percentage of total count
                 A         B        C        D         E       F
            +---------+---------+-------+---------+---------+-------
      Total |      72 |      73 |  50.3 |      27 |      14 |  34.1
            +---------+---------+-------+---------+---------+-------
        D:1 |      29 |       0 |   0.0 |      17 |       0 |   0.0
        D:2 |      43 |      73 |  62.9 |      10 |      14 |  58.3
            +---------+---------+-------+---------+---------+-------
